 Dungeon Crawl Stone Soup version 0.16.1-2-g95b8d4c (webtiles) character file.

50 RobertPalmer the Cutter (level 3, -1/24 HPs)
             Began as an Octopode Warper on Mar 26, 2015.
             Slain by a hobgoblin (2 damage)
             ... on level 2 of the Dungeon.
             The game lasted 00:01:35 (872 turns).

RobertPalmer the Cutter (Octopode Warper)            Turns: 872, Time: 00:01:35

Health: -1/24      AC:  1    Str: 10    XL:     3   Next: 79%
Magic:  0/6        EV: 12    Int: 15    God:
Gold:   81         SH:  0    Dex: 12    Spells: 1 memorised, 5 levels left

rFire  + . .     SeeInvis .     a - +0 short sword
rCold  + . .     Clarity  .     (no shield)
rNeg   . . .     SustAb   .     (helmet restricted)
rPois  +         Gourm    .     g - amulet of guardian spirit {Spirit}
rElec  +         Spirit   +     (no ring)
rCorr  +         Warding  .     (no ring)
rMut   .         Stasis   .     (no ring)
MR     .....                    (no ring)
Stlth  ++........               (no ring)
                                (no ring)
                                (no ring)
                                (no ring)

@: resistant, very slightly contaminated, hasted, very quick, not resistant to
hostile enchantments, unstealthy
A: almost no armour, amphibious, 8 rings, constrict 8, camouflage 1, gelatinous
body 1
a: no special abilities


You were on level 2 of the Dungeon.
You were not hungry.

You visited 1 branch of the dungeon, and saw 2 of its levels.

You collected 81 gold pieces.

Inventory:

Hand weapons
 a - a +0 short sword (weapon)
Missiles
 e - 5 tomahawks of dispersal {=f}
Jewellery
 g - an amulet of guardian spirit (around mantle) {Spirit}
   (You found it on level 2 of the Dungeon)
 i - a cursed ring of teleportation {+/*tele, !d}
   (You found it on level 1 of the Dungeon)
Scrolls
 b - a scroll of recharging
 d - a scroll of blinking {!r}
 h - a scroll of noise {unknown}
 k - a scroll of enchant weapon {unknown}
 l - a scroll of fear {unknown}
 m - a scroll of identify
Books
 c - a book of Spatial Translocations
Comestibles
 f - 3 bread rations {@e1}


   Skills:
 - Level 2.0 Fighting
 + Level 4.0 Short Blades
 - Level 1.0 Throwing
 - Level 2.3 Dodging
 - Level 2.0 Spellcasting
 - Level 3.0 Translocations


You had 5 spell levels left.
You knew the following spells:

 Your Spells              Type           Power        Failure   Level  Hunger
g - Apportation           Tloc           ##........   8%          1    #......


Dungeon Overview and Level Annotations

Branches:
Dungeon (2/15)

Altars:
Okawaru


Innate Abilities, Weirdness & Mutations

You cannot wear most types of armour.
You are amphibious.
You can wear up to eight rings at the same time.
You can use your tentacles to constrict many enemies at once.
Your skin changes colour to match your surroundings (Stealth).
Your rubbery body absorbs attacks (AC +1).


Message History

A giant newt is nearby! 2 adders and a kobold come into view.
The helpless adder fails to defend itself.
You hit the adder. You grab the adder. You constrict the adder.
The adder misses you. The giant newt barely misses you.
The kobold shouts!
You hit the kobold.
You kill the kobold!
You constrict the adder. The adder bites you. The giant newt barely misses you.
The adder closely misses you.
You take 2 damage, and have 21/24 hp.
You hit the adder but do no damage. You constrict the adder.
The adder closely misses you. The giant newt completely misses you.
You completely miss the adder. You squeeze the adder. You constrict the adder.
You kill the adder!
The giant newt barely misses you.
You closely miss the giant newt. You grab the giant newt.
You constrict the giant newt. The giant newt bites you.
You take 1 damage, and have 20/24 hp.
You closely miss the adder. Your grab misses the adder.
Your squeeze misses the adder. You constrict the giant newt.
You kill the giant newt!
The adder barely misses you. The adder bites you.
You are poisoned.
The adder poisons you!
You take 4 damage, and have 16/24 hp.
You hit the adder. Your grab misses the adder.
You feel sick. The adder bites you.
You take 3 damage, and have 13/24 hp.
You hit the adder. Your grab misses the adder. The adder bites you.
You take 2 damage, and have 11/24 hp.
You barely miss the adder. Your grab misses the adder.
You feel sick. The adder bites you.
* * * LOW HITPOINT WARNING * * *
You are lethally poisoned!
The adder poisons you!
You take 4 damage, and have 7/24 hp.
You miss the adder. Your grab misses the adder. The adder closely misses you.
Unknown command.
Drink which item? (? for menu, Esc to quit)
It was a potion of resistance.
You feel protected.
* * * LOW HITPOINT WARNING * * *
You feel sick. The adder completely misses you.
The adder bites you but does no damage.
You take 1 damage, and have 6/24 hp.
Drink which item? (? for menu, Esc to quit)
You feel protected. The adder barely misses you.
You hit the adder.
You kill the adder!
Your Short Blades skill increases to level 4!
* * * LOW HITPOINT WARNING * * *
You feel sick.
You take 1 damage, and have 5/24 hp.
Unknown command.
Drink which item? (? for menu, Esc to quit)
It was a potion of haste.
You feel yourself speed up.
You are very lightly contaminated with residual magic.
You see here an adder corpse.
* * * LOW HITPOINT WARNING * * *
You feel sick.
You take 1 damage, and have 4/24 hp.
Unknown command.
* * * LOW HITPOINT WARNING * * *
You feel sick.
You see here a dented zirconium amulet.
You take 1 damage, and have 4/24 hp.
g - a dented zirconium amulet Put on which piece of jewellery? (? for menu, Esc to quit)
You feel your power drawn to a protective spirit.
g - an amulet of guardian spirit (around mantle)
You now have 0/6 mp.
* * * LOW HITPOINT WARNING * * *
You feel sick.
You take 1 damage, and have 3/24 hp.
A giant cockroach comes into view.
* * * LOW HITPOINT WARNING * * *
You feel sick.
You take 1 damage, and have 2/24 hp.
The helpless giant cockroach fails to defend itself.
You hit the giant cockroach!
You kill the giant cockroach!
You see here a giant cockroach corpse.
A hobgoblin comes into view.
* * * LOW HITPOINT WARNING * * *
You feel sick.
You take 1 damage, and have 1/24 hp.
A kobold comes into view. It is wielding a dagger.
Unknown command.
A kobold comes into view.
The hobgoblin shouts!
The kobold shouts!
The kobold shouts!
You hit the hobgoblin. Your grab misses the hobgoblin.
* * * LOW HITPOINT WARNING * * *
You feel sick.
You are no longer poisoned.
The hobgoblin hits you.
You die...

......#########....####
...........†............
.......#.....###########
...........### #
........#..## #
...%........# #
.......#....# #
.......#....##### #
.......g@.......# #
..........K.....# ##
####........... ###.
##..$....... #...
#......>...######...
#.K................#
#.............##.#.#
...........##.##.#.# ...
.............


You could see a hobgoblin and 2 kobolds.

Vanquished Creatures
  2 adders (D:2)
  3 giant cockroaches
  5 goblins
  8 hobgoblins
  2 jackals (D:1)
  4 bats (D:1)
  2 giant newts
  2 kobolds
  4 rats (D:1)
32 creatures vanquished.

Notes
Turn   | Place    | Note
--------------------------------------------------------------
     0 | D:1      | RobertPalmer, the Octopode Warper, began the quest for the Orb.
     0 | D:1      | Reached XP level 1. HP: 14/14 MP: 3/3
   184 | D:1      | Reached XP level 2. HP: 19/19 MP: 4/4
   287 | D:1      | Reached skill level 3 in Short Blades
   706 | D:1      | Reached XP level 3. HP: 24/24 MP: 6/6
   771 | D:2      | Found an iron altar of Okawaru.
   840 | D:2      | HP: 6/24 [poisoned by an adder]
   842 | D:2      | Reached skill level 4 in Short Blades
   845 | D:2      | HP: 4/24 [poisoned by an adder]
   854 | D:2      | HP: 3/24 [poisoned by an adder]
   860 | D:2      | HP: 2/24 [poisoned by an adder]
   866 | D:2      | HP: 1/24 [poisoned by an adder]
   872 | D:2      | HP: 1/24 [poisoned by an adder]
   872 | D:2      | Slain by a hobgoblin

Action                   || total
-------------------------++-------
Melee: Short sword       ||    67
  Use: Scroll            ||     2
       Potion            ||     3
 Stab: Sleeping          ||     4

Vault maps used:
D:1:      roderic_octagonal_star
D:2:      nemelex_altar_shiori, lemuel_blue_sif_altar, okawaru_ov_weapons_minmay

Table legend:
 A = Turns spent in this place as a percentage of turns spent in the entire game.
 B = Non-inter-level travel turns spent in this place as a percentage of non-inter-level travel turns spent in the entire game.
 C = Inter-level travel turns spent in this place as a percentage of turns spent in this place.
 D = Turns resting spent in this place as a percentage of non-inter-level travel turns spent in this place.
 E = Turns spent auto-exploring this place as a percentage of non-inter-level travel turns spent in this place.
 F = Non-inter-level travel turns spent in this place divided by the number of levels of this place that you've seen.
                   A       B       C       D       E      F
               +-------+-------+-------+-------+-------+----------------------
         Total | 100.0 | 100.0 |   0.3 |   0.9 |  11.4 | 176.0
       Dungeon | 100.0 | 100.0 |   0.3 |   0.9 |  11.4 | 176.0
               +-------+-------+-------+-------+-------+----------------------

Table legend:
 A = Kills in this place as a percentage of kills in entire the game.
 B = Kills by you in this place as a percentage of kills by you in the entire game.
 C = Kills by friends in this place as a percentage of kills by friends in the entire game.
 D = Other kills in this place as a percentage of other kills in the entire game.
 E = Experience gained in this place as a percentage of experience gained in the entire game.
 F = Experience gained in this place divided by the number of levels of this place that you have seen.
                   A       B       C       D       E      F
               +-------+-------+-------+-------+-------+----------------------
         Total | 100.0 | 100.0 |  -nan |  -nan | 100.0 |  36.0
       Dungeon | 100.0 | 100.0 |  -nan |  -nan | 100.0 |  36.0
               +-------+-------+-------+-------+-------+----------------------
